General information
- name: BNet
- type: Ladder team game (AT/RT)
- host: Battle.net
- saver: 13illy13razooks
map: Friends
- players: 8
- length: 132:15
- speed: Fast
- version: 1.26 W3XP
- replay type: Public
» download(762 KB)
Players
team 1 (loser)

»
hasdfs (
red | 34 APM | 2902 actions | 84:18)
10 Dreadlord
3 Sleep
3 Vampiric Aura
1 Inferno
3 Carrion Swarm
9 Death Knight
3 Death Coil
3 Unholy Aura
1 Animate Dead
2 Death Pact
8 Lich
3 Frost Armor
3 Frost Nova
1 Death and Decay
1 Dark Ritual
» actions
| Build / train | 161 | |
| Enter build submenu | 30 | |
| Enter hero's abilities submenu | 28 | |
| Right click | 1420 | |
| Select / deselect | 1125 | |
| Use ability | 138 | |
2902 total
» units
| Acolyte | 40 | |
| Ghoul | 9 | |
| Crypt Fiend | 5 | |
| Frost Wyrm | 24 | |
| Goblin Zeppelin | 3 | |
| Gargoyle | 33 | |
114 total
» upgrades
| Creature Attack | 3 | |
| Web | 1 | |
| Creature Carapace | 3 | |
| Freezing Breath | 1 | |
8 total
» buildings
| Ziggurat | 11 | |
| Crypt | 2 | |
| Altar of Darkness | 1 | |
| Graveyard | 1 | |
| Halls of the Dead | 1 | |
| Black Citadel | 1 | |
| Sacrificial Pit | 1 | |
| Boneyard | 3 | |
21 total
» build order
00:12 Ziggurat
00:19 Crypt
00:44 Altar of Darkness
01:12 Ziggurat
01:46 Graveyard
02:21 Ziggurat
03:40 Halls of the Dead
06:04 Black Citadel
06:41 Ziggurat
06:47 Sacrificial Pit
06:51 Ziggurat
08:59 Boneyard
09:03 Boneyard
09:06 Boneyard
11:05 Ziggurat
14:40 Ziggurat
18:51 Ziggurat
18:59 Ziggurat
22:59 Crypt
53:08 Ziggurat
53:11 Ziggurat
» items
| Orb of Venom | 1 | |
| Scroll of Town Portal | 4 | |
| Potion of Healing | 2 | |
7 total

»
ThatsRite (
teal | 54 APM | 6069 actions | 111:31)
10 Keeper of the Grove
3 Force of Nature
3 Entangling Roots
1 Tranquility
3 Thorns Aura
7 Priestess of the Moon
3 Trueshot Aura
3 Searing Arrows
1 Starfall
» actions
| Basic commands | 33 | |
| Build / train | 272 | |
| Enter build submenu | 40 | |
| Enter hero's abilities submenu | 17 | |
| Give item / drop item | 1 | |
| Right click | 4140 | |
| Select / deselect | 1322 | |
| Use ability | 244 | |
6069 total
» units
| Wisp | 55 | |
| Archer | 47 | |
| Hippogryph | 46 | |
| Forest Troll Shadow Priest | 1 | |
| Druid of the Talon | 17 | |
| Huntress | 1 | |
| Dryad | 16 | |
| Chimaera | 9 | |
| Mountain Giant | 3 | |
| Goblin Sapper | 3 | |
| Faerie Dragon | 3 | |
201 total
» upgrades
| Improved Bows | 1 | |
| Strength of the Moon | 3 | |
| Hippogryph Taming | 1 | |
| Moon Armor | 3 | |
| Marksmanship | 1 | |
| Druid of the Talon Training | 2 | |
| Sentinel | 1 | |
| Nature's Blessing | 1 | |
| Well Spring | 1 | |
| Mark of the Talon | 1 | |
| Abolish Magic | 1 | |
| Strength of the Wild | 3 | |
| Reinforced Hides | 3 | |
| Corrosive Breath | 1 | |
| Ultravision | 1 | |
| Hardened Skin | 1 | |
| Resistant Skin | 1 | |
26 total
» buildings
| Altar of Elders | 1 | |
| Moon Well | 8 | |
| Hunter's Hall | 1 | |
| Ancient of War | 2 | |
| Ancient Protector | 9 | |
| Ancient of Wonders | 2 | |
| Tree of Ages | 1 | |
| Tree of Life | 9 | |
| Ancient of Wind | 3 | |
| Tree of Eternity | 1 | |
| Ancient of Lore | 1 | |
| Chimaera Roost | 1 | |
39 total
» build order
00:19 Altar of Elders
00:22 Moon Well
01:24 Hunter's Hall
01:46 Ancient of War
02:02 Ancient of War
02:20 Moon Well
02:33 Moon Well
04:52 Ancient Protector
05:01 Ancient Protector
06:13 Ancient of Wonders
06:43 Tree of Ages
08:55 Tree of Life
09:18 Ancient of Wind
09:20 Ancient of Wind
09:39 Moon Well
10:00 Moon Well
11:32 Ancient of Wind
12:19 Tree of Eternity
13:52 Moon Well
13:55 Moon Well
17:19 Moon Well
19:13 Ancient of Lore
22:34 Tree of Life
23:12 Chimaera Roost
37:19 Tree of Life
46:30 Tree of Life
50:19 Ancient Protector
50:50 Ancient Protector
51:02 Ancient Protector
51:17 Ancient Protector
51:33 Ancient Protector
51:47 Ancient Protector
52:11 Ancient Protector
61:22 Tree of Life
64:11 Tree of Life
64:34 Tree of Life
67:45 Ancient of Wonders
73:12 Tree of Life
86:56 Tree of Life
» items
| Potion of Mana | 5 | |
| Potion of Healing | 5 | |
| Orb of Venom | 2 | |
| Scroll of Town Portal | 10 | |
| Anti-magic Potion | 1 | |
23 total

»
MAGNO (
green | 32 APM | 3243 actions | 102:53)
8 Archmage
3 Summon Water Elemental
3 Brilliance Aura
1 Mass Teleport
1 Blizzard
8 Paladin
2 Holy Light
2 Divine Shield
3 Devotion Aura
1 Resurrection
6 Mountain King
3 Storm Bolt
2 Bash
1 Avatar
» actions
| Basic commands | 46 | |
| Build / train | 205 | |
| Enter build submenu | 105 | |
| Enter hero's abilities submenu | 22 | |
| Give item / drop item | 2 | |
| Right click | 1090 | |
| Select / deselect | 1517 | |
| Use ability | 256 | |
3243 total
» units
| Peasant | 32 | |
| Footman | 4 | |
| Gryphon Rider | 6 | |
| Goblin Shredder | 2 | |
| Goblin Zeppelin | 1 | |
| Priest | 13 | |
| Dragonhawk Rider | 6 | |
| Siege Engine | 10 | |
| Knight | 1 | |
| Flying Machine | 30 | |
| Mortar Team | 3 | |
108 total
» upgrades
| Masonry | 3 | |
| Storm Hammers | 1 | |
| Swords | 3 | |
| Armor | 3 | |
| Animal War Training | 1 | |
| Priest Training | 2 | |
| Magic Sentry | 1 | |
| Cloud | 1 | |
| Barrage | 1 | |
| Gunpowder | 3 | |
| Plating | 3 | |
| Fragmentation Shards | 1 | |
| Flak Cannons | 1 | |
| Flying Machine Bombs | 1 | |
25 total
» buildings
| Farm | 17 | |
| Altar of Kings | 1 | |
| Barracks | 1 | |
| Lumber Mill | 1 | |
| Keep | 1 | |
| Castle | 1 | |
| Blacksmith | 1 | |
| Gryphon Aviary | 4 | |
| Arcane Sanctum | 1 | |
| Town Hall | 5 | |
| Scout Tower | 65 | |
| Guard Tower | 34 | |
| Arcane Tower | 6 | |
| Arcane Vault | 1 | |
| Workshop | 5 | |
| Cannon Tower | 1 | |
145 total
» build order
00:29 Farm
00:45 Altar of Kings
01:02 Barracks
01:17 Farm
01:58 Farm
02:15 Lumber Mill
03:36 Keep
05:46 Farm
07:32 Castle
08:14 Farm
08:19 Blacksmith
08:34 Gryphon Aviary
08:58 Gryphon Aviary
09:12 Farm
09:27 Gryphon Aviary
09:47 Arcane Sanctum
11:17 Farm
12:45 Town Hall
13:06 Farm
13:48 Farm
13:56 Farm
15:54 Farm
15:59 Farm
17:43 Farm
18:31 Gryphon Aviary
19:35 Town Hall
19:39 Scout Tower
19:43 Scout Tower
19:50 Scout Tower
20:14 Guard Tower
20:18 Scout Tower
20:21 Scout Tower
20:34 Guard Tower
20:41 Scout Tower
22:02 Scout Tower
22:06 Scout Tower
22:09 Scout Tower
22:11 Scout Tower
22:31 Guard Tower
22:34 Scout Tower
22:35 Guard Tower
22:39 Scout Tower
22:41 Guard Tower
22:45 Scout Tower
22:46 Guard Tower
22:51 Scout Tower
23:00 Scout Tower
23:05 Scout Tower
23:07 Guard Tower
23:10 Guard Tower
23:14 Scout Tower
23:17 Scout Tower
23:31 Guard Tower
23:35 Scout Tower
23:36 Guard Tower
23:38 Guard Tower
23:42 Scout Tower
23:57 Scout Tower
23:58 Guard Tower
24:07 Guard Tower
24:10 Scout Tower
24:13 Guard Tower
24:16 Scout Tower
24:31 Guard Tower
24:40 Guard Tower
24:45 Scout Tower
24:48 Scout Tower
24:50 Guard Tower
24:54 Scout Tower
25:25 Guard Tower
25:27 Guard Tower
25:29 Guard Tower
25:33 Scout Tower
25:36 Scout Tower
26:11 Guard Tower
26:14 Scout Tower
26:16 Scout Tower
26:22 Scout Tower
26:25 Scout Tower
26:44 Guard Tower
26:48 Scout Tower
27:01 Guard Tower
27:05 Scout Tower
27:07 Scout Tower
27:39 Guard Tower
27:42 Arcane Tower
27:48 Scout Tower
27:51 Scout Tower
27:56 Scout Tower
28:01 Scout Tower
29:04 Guard Tower
29:57 Arcane Vault
31:44 Workshop
35:48 Workshop
35:58 Scout Tower
36:03 Scout Tower
36:29 Scout Tower
36:34 Arcane Tower
36:45 Scout Tower
36:48 Scout Tower
36:57 Workshop
37:15 Guard Tower
37:18 Guard Tower
37:23 Cannon Tower
38:33 Workshop
40:09 Workshop
41:12 Scout Tower
41:17 Scout Tower
42:03 Guard Tower
42:06 Scout Tower
42:08 Scout Tower
42:51 Guard Tower
42:54 Scout Tower
42:57 Scout Tower
42:59 Scout Tower
44:46 Guard Tower
44:51 Scout Tower
44:55 Scout Tower
44:57 Scout Tower
45:01 Scout Tower
45:47 Guard Tower
45:51 Scout Tower
50:21 Town Hall
61:39 Town Hall
61:52 Scout Tower
62:51 Guard Tower
62:55 Scout Tower
63:00 Scout Tower
64:02 Arcane Tower
64:53 Arcane Tower
64:56 Scout Tower
65:43 Arcane Tower
65:46 Scout Tower
65:52 Scout Tower
68:02 Arcane Tower
69:14 Guard Tower
69:17 Scout Tower
69:21 Scout Tower
69:32 Scout Tower
70:50 Guard Tower
76:03 Town Hall
76:16 Farm
77:20 Farm
78:29 Farm
79:47 Farm
» items
| Scroll of Regeneration | 2 | |
| Scroll of Town Portal | 2 | |
4 total
13illy13razooks (
blue | 47 APM | 6175 actions | 132:15)
8 Blood Mage
3 Flame Strike
3 Siphon Mana
1 Summon Phoenix
1 Banish
8 Archmage
3 Blizzard
3 Brilliance Aura
1 Mass Teleport
1 Summon Water Elemental
8 Pit Lord
3 Rain of Fire
3 Cleaving Attack
1 Doom
1 Howl of Terror
» actions
| Assign group hotkey | 116 | |
| Basic commands | 155 | |
| Build / train | 524 | |
| ESC pressed | 21 | |
| Enter build submenu | 136 | |
| Enter hero's abilities submenu | 25 | |
| Give item / drop item | 10 | |
| Right click | 1996 | |
| Select / deselect | 997 | |
| Select group hotkey | 1101 | |
| Use ability | 1094 | |
6175 total
» units
| Peasant | 70 | |
| Goblin Shredder | 3 | |
| Goblin Zeppelin | 6 | |
| Sorceress | 2 | |
| Goblin Sapper | 4 | |
| Gryphon Rider | 4 | |
| Mortar Team | 1 | |
| Flying Machine | 196 | |
286 total
» upgrades
| Masonry | 3 | |
| Lumber Harvesting | 2 | |
| Magic Sentry | 1 | |
| Sorceress Training | 2 | |
| Armor | 3 | |
| Swords | 3 | |
| Gunpowder | 3 | |
| Plating | 3 | |
| Animal War Training | 1 | |
| Storm Hammers | 1 | |
| Cloud | 1 | |
| Flak Cannons | 1 | |
24 total
» buildings
| Altar of Kings | 1 | |
| Farm | 12 | |
| Scout Tower | 408 | |
| Lumber Mill | 57 | |
| Arcane Tower | 1 | |
| Arcane Vault | 2 | |
| Guard Tower | 120 | |
| Keep | 1 | |
| Castle | 1 | |
| Town Hall | 144 | |
| Arcane Sanctum | 1 | |
| Blacksmith | 2 | |
| Barracks | 1 | |
| Gryphon Aviary | 11 | |
| Workshop | 30 | |
792 total
» build order
00:12 Altar of Kings
00:16 Farm
00:53 Scout Tower
00:56 Lumber Mill
01:22 Arcane Tower
01:40 Arcane Vault
01:53 Farm
02:46 Scout Tower
02:47 Scout Tower
02:48 Scout Tower
02:51 Farm
03:10 Scout Tower
03:10 Scout Tower
03:11 Scout Tower
04:00 Guard Tower
04:38 Keep
05:21 Scout Tower
05:21 Scout Tower
05:22 Scout Tower
06:19 Guard Tower
06:23 Scout Tower
06:24 Scout Tower
06:24 Scout Tower
07:23 Castle
07:28 Town Hall
08:16 Farm
08:34 Arcane Sanctum
09:02 Lumber Mill
09:08 Lumber Mill
10:12 Guard Tower
10:48 Guard Tower
11:15 Scout Tower
11:16 Scout Tower
11:16 Scout Tower
11:17 Scout Tower
11:18 Scout Tower
11:19 Scout Tower
11:20 Scout Tower
11:21 Scout Tower
11:22 Scout Tower
12:28 Guard Tower
12:31 Scout Tower
12:31 Scout Tower
12:32 Scout Tower
12:33 Scout Tower
12:34 Scout Tower
12:34 Scout Tower
12:35 Scout Tower
12:36 Scout Tower
13:34 Guard Tower
14:10 Scout Tower
14:11 Scout Tower
14:11 Scout Tower
14:13 Scout Tower
14:14 Scout Tower
14:14 Scout Tower
14:15 Scout Tower
14:16 Scout Tower
14:21 Scout Tower
14:22 Scout Tower
14:22 Scout Tower
14:24 Scout Tower
14:26 Scout Tower
14:26 Scout Tower
14:57 Scout Tower
14:58 Scout Tower
14:59 Scout Tower
15:00 Scout Tower
15:31 Guard Tower
15:35 Guard Tower
15:53 Farm
15:56 Guard Tower
15:57 Scout Tower
15:58 Scout Tower
15:59 Scout Tower
15:59 Scout Tower
16:25 Guard Tower
16:42 Blacksmith
16:43 Blacksmith
16:47 Barracks
16:51 Guard Tower
17:21 Guard Tower
17:23 Scout Tower
17:24 Scout Tower
17:24 Scout Tower
17:25 Scout Tower
17:49 Scout Tower
17:50 Scout Tower
17:51 Scout Tower
17:51 Scout Tower
17:52 Scout Tower
17:53 Scout Tower
17:54 Scout Tower
17:55 Scout Tower
17:56 Scout Tower
17:57 Scout Tower
17:58 Scout Tower
18:01 Guard Tower
18:06 Guard Tower
18:10 Scout Tower
18:11 Scout Tower
18:12 Scout Tower
18:13 Scout Tower
18:14 Scout Tower
18:15 Scout Tower
18:16 Scout Tower
18:17 Scout Tower
18:29 Scout Tower
18:29 Scout Tower
18:30 Scout Tower
18:31 Scout Tower
18:32 Scout Tower
18:32 Scout Tower
18:33 Scout Tower
18:34 Scout Tower
18:40 Guard Tower
19:03 Guard Tower
19:17 Guard Tower
19:49 Guard Tower
19:52 Scout Tower
19:53 Scout Tower
19:54 Scout Tower
19:54 Scout Tower
19:55 Scout Tower
19:55 Scout Tower
19:56 Scout Tower
19:57 Scout Tower
20:40 Guard Tower
20:44 Scout Tower
20:44 Scout Tower
20:45 Scout Tower
20:45 Scout Tower
20:46 Scout Tower
20:46 Scout Tower
20:47 Scout Tower
20:47 Scout Tower
20:49 Scout Tower
20:50 Scout Tower
20:51 Scout Tower
20:51 Scout Tower
20:52 Scout Tower
20:52 Scout Tower
20:53 Scout Tower
20:54 Scout Tower
20:54 Scout Tower
20:55 Scout Tower
20:56 Scout Tower
20:56 Scout Tower
20:57 Scout Tower
21:01 Guard Tower
21:03 Guard Tower
21:07 Scout Tower
21:07 Scout Tower
21:08 Scout Tower
21:09 Scout Tower
21:10 Scout Tower
21:11 Scout Tower
21:11 Scout Tower
21:11 Scout Tower
21:12 Scout Tower
21:12 Scout Tower
21:12 Scout Tower
21:32 Guard Tower
21:33 Guard Tower
21:35 Guard Tower
21:46 Guard Tower
21:47 Guard Tower
21:59 Guard Tower
21:59 Guard Tower
21:59 Guard Tower
22:20 Guard Tower
22:23 Guard Tower
22:24 Guard Tower
22:24 Guard Tower
22:24 Guard Tower
22:54 Guard Tower
22:57 Guard Tower
22:59 Scout Tower
23:01 Scout Tower
23:02 Scout Tower
23:02 Scout Tower
23:19 Guard Tower
23:19 Guard Tower
23:26 Guard Tower
23:26 Guard Tower
23:26 Guard Tower
23:27 Guard Tower
23:27 Guard Tower
23:31 Guard Tower
23:31 Guard Tower
23:31 Guard Tower
24:04 Guard Tower
24:16 Scout Tower
24:16 Scout Tower
24:18 Scout Tower
24:34 Lumber Mill
25:01 Guard Tower
25:06 Guard Tower
25:08 Scout Tower
25:09 Scout Tower
25:10 Scout Tower
25:10 Scout Tower
25:11 Scout Tower
25:12 Scout Tower
25:13 Scout Tower
25:13 Scout Tower
25:14 Scout Tower
25:15 Scout Tower
25:15 Scout Tower
25:17 Scout Tower
25:18 Scout Tower
25:18 Scout Tower
25:19 Scout Tower
25:20 Scout Tower
25:21 Scout Tower
25:22 Scout Tower
25:23 Scout Tower
25:30 Scout Tower
25:31 Scout Tower
25:32 Scout Tower
25:32 Scout Tower
25:33 Scout Tower
25:50 Scout Tower
25:51 Scout Tower
25:51 Scout Tower
25:53 Scout Tower
25:56 Scout Tower
25:57 Scout Tower
25:58 Scout Tower
26:01 Scout Tower
26:23 Guard Tower
26:59 Guard Tower
27:02 Guard Tower
27:44 Guard Tower
28:01 Guard Tower
28:03 Scout Tower
28:04 Scout Tower
28:04 Scout Tower
28:04 Scout Tower
28:05 Scout Tower
28:05 Scout Tower
28:05 Scout Tower
28:06 Scout Tower
28:06 Scout Tower
28:07 Scout Tower
28:07 Scout Tower
28:07 Scout Tower
28:08 Scout Tower
28:08 Scout Tower
28:36 Guard Tower
28:39 Guard Tower
28:40 Guard Tower
29:22 Scout Tower
29:23 Scout Tower
29:24 Scout Tower
29:25 Scout Tower
29:26 Scout Tower
29:27 Scout Tower
29:28 Scout Tower
29:29 Scout Tower
29:29 Scout Tower
29:30 Scout Tower
29:31 Scout Tower
29:31 Scout Tower
29:32 Scout Tower
29:33 Scout Tower
29:34 Scout Tower
29:34 Scout Tower
29:35 Scout Tower
29:36 Scout Tower
29:37 Scout Tower
29:38 Scout Tower
29:38 Scout Tower
30:06 Guard Tower
30:06 Guard Tower
30:06 Guard Tower
30:15 Guard Tower
30:15 Guard Tower
30:15 Guard Tower
30:29 Guard Tower
30:29 Guard Tower
30:38 Guard Tower
30:52 Scout Tower
30:52 Scout Tower
30:53 Scout Tower
31:01 Guard Tower
31:31 Town Hall
31:34 Guard Tower
31:35 Guard Tower
31:52 Guard Tower
31:54 Scout Tower
31:54 Scout Tower
31:54 Scout Tower
31:55 Scout Tower
31:55 Scout Tower
31:55 Scout Tower
31:56 Scout Tower
31:56 Scout Tower
31:57 Scout Tower
31:57 Scout Tower
32:01 Guard Tower
32:15 Guard Tower
32:18 Guard Tower
32:36 Lumber Mill
33:35 Guard Tower
34:15 Lumber Mill
34:57 Scout Tower
34:58 Scout Tower
34:58 Scout Tower
34:58 Scout Tower
34:58 Scout Tower
34:59 Scout Tower
35:00 Scout Tower
35:01 Scout Tower
35:01 Scout Tower
35:01 Scout Tower
35:02 Scout Tower
35:03 Scout Tower
35:09 Scout Tower
35:09 Scout Tower
35:10 Scout Tower
35:11 Scout Tower
35:12 Scout Tower
35:12 Scout Tower
35:13 Scout Tower
35:47 Guard Tower
36:27 Guard Tower
36:38 Town Hall
36:39 Town Hall
36:39 Town Hall
36:39 Town Hall
36:39 Town Hall
36:40 Town Hall
36:40 Town Hall
36:40 Town Hall
36:40 Town Hall
36:41 Town Hall
36:41 Town Hall
36:41 Town Hall
36:42 Lumber Mill
36:43 Lumber Mill
37:31 Guard Tower
37:34 Guard Tower
37:37 Town Hall
37:37 Town Hall
37:40 Town Hall
38:54 Town Hall
38:54 Town Hall
38:54 Town Hall
38:55 Town Hall
38:55 Town Hall
39:07 Arcane Vault
40:41 Town Hall
40:42 Town Hall
40:42 Town Hall
41:25 Lumber Mill
43:12 Scout Tower
43:13 Scout Tower
43:13 Scout Tower
43:13 Scout Tower
43:14 Scout Tower
43:14 Scout Tower
43:15 Scout Tower
43:15 Scout Tower
43:18 Scout Tower
43:19 Scout Tower
43:19 Scout Tower
43:20 Scout Tower
43:21 Scout Tower
43:21 Scout Tower
43:22 Scout Tower
44:16 Town Hall
44:16 Town Hall
44:17 Town Hall
44:17 Town Hall
44:17 Town Hall
44:17 Town Hall
44:18 Town Hall
44:18 Town Hall
44:18 Town Hall
44:18 Town Hall
44:28 Guard Tower
44:28 Guard Tower
44:28 Guard Tower
44:29 Guard Tower
45:37 Guard Tower
45:39 Guard Tower
45:47 Town Hall
45:47 Town Hall
45:48 Town Hall
46:01 Scout Tower
46:02 Scout Tower
46:02 Scout Tower
46:03 Scout Tower
46:04 Scout Tower
46:52 Scout Tower
46:52 Scout Tower
46:53 Scout Tower
46:53 Scout Tower
46:54 Scout Tower
46:55 Scout Tower
46:55 Scout Tower
46:56 Scout Tower
46:56 Scout Tower
46:57 Scout Tower
46:57 Scout Tower
46:58 Scout Tower
46:58 Scout Tower
48:14 Town Hall
48:14 Town Hall
48:14 Town Hall
48:14 Town Hall
48:15 Town Hall
48:15 Town Hall
48:15 Town Hall
48:22 Guard Tower
49:18 Guard Tower
50:25 Guard Tower
50:27 Scout Tower
50:28 Scout Tower
50:28 Scout Tower
50:29 Scout Tower
50:30 Scout Tower
50:30 Scout Tower
50:31 Scout Tower
50:31 Scout Tower
50:41 Guard Tower
50:46 Town Hall
50:46 Town Hall
50:46 Town Hall
50:46 Town Hall
50:47 Town Hall
50:47 Town Hall
50:47 Town Hall
50:47 Town Hall
50:48 Town Hall
50:48 Town Hall
50:48 Town Hall
50:48 Town Hall
50:49 Town Hall
50:49 Town Hall
50:49 Town Hall
50:49 Town Hall
50:50 Town Hall
50:50 Town Hall
50:50 Town Hall
50:50 Town Hall
50:51 Town Hall
50:51 Town Hall
50:51 Town Hall
50:52 Town Hall
50:52 Town Hall
50:52 Town Hall
50:52 Town Hall
50:53 Town Hall
50:53 Town Hall
50:53 Town Hall
50:53 Town Hall
50:54 Town Hall
50:54 Town Hall
50:54 Town Hall
50:54 Town Hall
52:25 Guard Tower
52:27 Scout Tower
52:28 Scout Tower
52:29 Scout Tower
52:30 Scout Tower
52:47 Lumber Mill
53:41 Town Hall
53:42 Town Hall
53:42 Town Hall
53:42 Town Hall
53:43 Town Hall
53:43 Town Hall
53:43 Town Hall
53:43 Town Hall
54:18 Guard Tower
54:54 Scout Tower
54:55 Scout Tower
54:56 Scout Tower
54:57 Scout Tower
54:58 Scout Tower
54:59 Scout Tower
55:00 Scout Tower
55:00 Scout Tower
55:01 Scout Tower
55:02 Scout Tower
55:03 Scout Tower
55:03 Scout Tower
58:25 Town Hall
58:25 Town Hall
58:25 Town Hall
58:25 Town Hall
58:26 Town Hall
58:26 Town Hall
58:26 Town Hall
58:26 Town Hall
58:27 Town Hall
58:27 Town Hall
58:27 Town Hall
58:27 Town Hall
58:28 Town Hall
58:28 Town Hall
58:28 Town Hall
60:01 Guard Tower
60:04 Scout Tower
60:06 Scout Tower
60:12 Lumber Mill
60:12 Lumber Mill
60:12 Lumber Mill
60:12 Lumber Mill
60:13 Lumber Mill
60:13 Lumber Mill
60:13 Lumber Mill
60:13 Lumber Mill
60:14 Lumber Mill
60:14 Lumber Mill
60:14 Lumber Mill
60:15 Lumber Mill
60:15 Lumber Mill
60:15 Lumber Mill
60:16 Lumber Mill
60:16 Lumber Mill
60:16 Lumber Mill
60:16 Lumber Mill
60:17 Lumber Mill
60:17 Lumber Mill
60:17 Lumber Mill
60:17 Lumber Mill
60:18 Lumber Mill
60:18 Lumber Mill
60:18 Lumber Mill
64:02 Town Hall
65:10 Guard Tower
66:15 Scout Tower
66:16 Scout Tower
66:16 Scout Tower
66:17 Scout Tower
66:18 Scout Tower
66:19 Scout Tower
66:20 Scout Tower
66:21 Scout Tower
66:22 Scout Tower
66:23 Scout Tower
66:25 Scout Tower
66:26 Scout Tower
66:30 Scout Tower
68:02 Guard Tower
69:01 Guard Tower
69:29 Scout Tower
72:59 Guard Tower
73:02 Gryphon Aviary
73:04 Gryphon Aviary
73:06 Gryphon Aviary
73:08 Gryphon Aviary
73:16 Gryphon Aviary
73:19 Gryphon Aviary
73:21 Gryphon Aviary
73:24 Gryphon Aviary
73:28 Gryphon Aviary
73:30 Gryphon Aviary
73:31 Gryphon Aviary
73:37 Farm
73:39 Farm
78:15 Farm
78:16 Farm
78:18 Farm
78:19 Farm
78:20 Farm
81:03 Lumber Mill
81:05 Lumber Mill
81:10 Scout Tower
81:10 Scout Tower
81:11 Scout Tower
81:12 Scout Tower
81:12 Scout Tower
81:13 Scout Tower
81:17 Scout Tower
81:18 Scout Tower
81:21 Scout Tower
81:21 Scout Tower
81:22 Scout Tower
81:24 Scout Tower
81:26 Scout Tower
81:28 Scout Tower
81:29 Scout Tower
81:32 Scout Tower
81:33 Scout Tower
81:34 Scout Tower
81:36 Scout Tower
82:38 Guard Tower
82:39 Guard Tower
82:43 Scout Tower
82:45 Scout Tower
82:46 Scout Tower
82:47 Scout Tower
82:48 Scout Tower
82:50 Scout Tower
82:51 Scout Tower
82:51 Scout Tower
82:52 Scout Tower
82:53 Scout Tower
82:54 Scout Tower
82:58 Scout Tower
82:58 Scout Tower
82:59 Scout Tower
83:00 Scout Tower
83:01 Scout Tower
83:02 Scout Tower
84:30 Town Hall
84:37 Guard Tower
84:39 Guard Tower
84:43 Scout Tower
84:44 Scout Tower
84:45 Scout Tower
84:47 Scout Tower
84:48 Scout Tower
84:49 Scout Tower
84:50 Scout Tower
84:55 Scout Tower
85:49 Guard Tower
85:52 Scout Tower
85:54 Scout Tower
85:55 Scout Tower
85:56 Scout Tower
85:57 Scout Tower
85:59 Scout Tower
86:00 Scout Tower
86:01 Scout Tower
86:01 Scout Tower
86:08 Scout Tower
86:09 Scout Tower
86:10 Scout Tower
86:11 Scout Tower
86:14 Scout Tower
86:17 Scout Tower
87:52 Guard Tower
87:57 Scout Tower
87:58 Scout Tower
87:58 Scout Tower
87:59 Scout Tower
88:01 Scout Tower
88:02 Scout Tower
88:47 Guard Tower
88:50 Guard Tower
88:53 Scout Tower
88:55 Scout Tower
88:55 Scout Tower
88:56 Scout Tower
89:04 Scout Tower
89:53 Guard Tower
89:58 Scout Tower
89:59 Scout Tower
89:59 Scout Tower
90:01 Scout Tower
90:01 Scout Tower
90:02 Scout Tower
90:06 Scout Tower
90:07 Scout Tower
90:11 Scout Tower
90:12 Scout Tower
91:29 Lumber Mill
91:34 Guard Tower
91:38 Scout Tower
91:40 Scout Tower
91:45 Scout Tower
91:46 Scout Tower
92:01 Scout Tower
92:02 Scout Tower
92:05 Scout Tower
92:07 Guard Tower
92:12 Scout Tower
92:13 Scout Tower
92:18 Guard Tower
92:36 Lumber Mill
92:59 Lumber Mill
93:08 Guard Tower
93:12 Scout Tower
93:13 Scout Tower
93:16 Scout Tower
93:17 Scout Tower
93:18 Scout Tower
93:23 Scout Tower
93:26 Scout Tower
93:28 Scout Tower
93:29 Scout Tower
93:32 Scout Tower
94:12 Guard Tower
94:22 Scout Tower
94:22 Scout Tower
94:24 Scout Tower
94:31 Scout Tower
94:39 Lumber Mill
94:42 Lumber Mill
95:57 Scout Tower
95:58 Guard Tower
96:23 Guard Tower
96:54 Guard Tower
101:20 Lumber Mill
101:51 Lumber Mill
117:08 Workshop
117:08 Workshop
117:09 Workshop
117:09 Workshop
117:10 Workshop
117:11 Workshop
117:11 Workshop
117:12 Workshop
117:13 Workshop
117:14 Workshop
121:38 Workshop
121:38 Workshop
121:39 Workshop
121:40 Workshop
121:40 Workshop
121:41 Workshop
121:41 Workshop
121:42 Workshop
121:43 Workshop
121:44 Workshop
124:46 Workshop
124:47 Workshop
124:48 Workshop
124:48 Workshop
124:49 Workshop
124:53 Workshop
124:53 Workshop
124:54 Workshop
124:54 Workshop
124:55 Workshop
» items
| Mechanical Critter | 5 | |
| Lesser Clarity Potion | 5 | |
| Ivory Tower | 8 | |
| Scroll of Regeneration | 6 | |
| Scroll of Town Portal | 9 | |
| Staff of Sanctuary | 3 | |
| The Lion Horn of Stormwind | 2 | |
| Inferno Stone | 4 | |
| Alleria's Flute of Accuracy | 1 | |
| Robe of the Magi +6 | 2 | |
| Runed Bracers | 3 | |
| Mana Stone | 2 | |
| Belt of Giant Strength +6 | 3 | |
| Orb of Venom | 1 | |
| Anti-magic Potion | 1 | |
| Boots of Quel'Thalas +6 | 1 | |
56 total
team 2 (winner)

»
akyatbahay (
pink | 31 APM | 3723 actions | 120:29)
10 Priestess of the Moon
3 Trueshot Aura
3 Searing Arrows
1 Starfall
3 Scout
1 Death Knight
1 Unholy Aura
» actions
| Basic commands | 343 | |
| Build / train | 252 | |
| Enter build submenu | 46 | |
| Enter hero's abilities submenu | 11 | |
| Give item / drop item | 3 | |
| Remove unit from queue | 1 | |
| Right click | 1501 | |
| Select / deselect | 1366 | |
| Use ability | 200 | |
3723 total
» units
| Wisp | 28 | |
| Archer | 88 | |
| Dryad | 47 | |
| Hippogryph | 8 | |
| Frost Wyrm | 6 | |
| Mountain Giant | 10 | |
| Glaive Thrower | 1 | |
188 total
» upgrades
| Strength of the Moon | 3 | |
| Moon Armor | 3 | |
| Ultravision | 1 | |
| Improved Bows | 1 | |
| Abolish Magic | 1 | |
| Marksmanship | 1 | |
| Hippogryph Taming | 1 | |
| Reinforced Hides | 3 | |
| Strength of the Wild | 3 | |
| Resistant Skin | 1 | |
| Hardened Skin | 1 | |
| Well Spring | 1 | |
20 total
» buildings
| Altar of Elders | 2 | |
| Ancient of War | 1 | |
| Moon Well | 16 | |
| Hunter's Hall | 2 | |
| Tree of Ages | 3 | |
| Ancient of Wonders | 3 | |
| Ancient of Lore | 3 | |
| Tree of Eternity | 2 | |
| Ancient of Wind | 1 | |
| Tree of Life | 3 | |
| Spirit Tower | 3 | |
39 total
» build order
00:09 Altar of Elders
00:14 Ancient of War
00:39 Moon Well
01:20 Moon Well
02:30 Hunter's Hall
03:20 Moon Well
04:23 Tree of Ages
04:53 Ancient of Wonders
05:11 Moon Well
09:17 Ancient of Wonders
09:22 Ancient of Lore
09:31 Ancient of Lore
11:21 Tree of Eternity
12:13 Moon Well
13:13 Moon Well
15:52 Ancient of Wind
20:03 Moon Well
22:12 Tree of Life
22:38 Tree of Life
25:11 Tree of Ages
31:17 Ancient of Lore
40:40 Moon Well
40:43 Moon Well
41:24 Tree of Life
48:25 Tree of Ages
50:46 Tree of Eternity
53:17 Spirit Tower
53:19 Spirit Tower
53:21 Spirit Tower
57:57 Ancient of Wonders
60:09 Hunter's Hall
66:49 Moon Well
69:04 Moon Well
70:42 Moon Well
105:12 Moon Well
106:07 Moon Well
107:32 Altar of Elders
108:46 Moon Well
109:43 Moon Well
» items
| Moonstone | 1 | |
| Boots of Quel'Thalas +6 | 1 | |
| Healing Wards | 2 | |
| Orb of Lightning | 2 | |
| Scroll of Town Portal | 11 | |
| Health Stone | 3 | |
| Sobi Mask | 1 | |
| The Lion Horn of Stormwind | 1 | |
| Healing Salve | 1 | |
23 total
Merc(A)nary.RIP (
purple | 91 APM | 4456 actions | 48:45)
8 Dreadlord
3 Sleep
3 Vampiric Aura
1 Inferno
1 Carrion Swarm
6 Death Knight
3 Death Coil
2 Unholy Aura
1 Animate Dead
6 Lich
3 Frost Nova
2 Frost Armor
1 Death and Decay
» actions
| Assign group hotkey | 55 | |
| Basic commands | 709 | |
| Build / train | 84 | |
| ESC pressed | 4 | |
| Enter build submenu | 28 | |
| Enter hero's abilities submenu | 23 | |
| Give item / drop item | 2 | |
| Right click | 855 | |
| Select / deselect | 526 | |
| Select group hotkey | 2055 | |
| Use ability | 115 | |
4456 total
» units
| Acolyte | 8 | |
| Ghoul | 4 | |
| Crypt Fiend | 7 | |
| Frost Wyrm | 7 | |
| Gargoyle | 16 | |
| Goblin Zeppelin | 1 | |
43 total
» upgrades
| Creature Attack | 3 | |
| Web | 1 | |
| Creature Carapace | 3 | |
| Freezing Breath | 1 | |
8 total
» buildings
| Crypt | 2 | |
| Altar of Darkness | 2 | |
| Ziggurat | 10 | |
| Graveyard | 1 | |
| Tomb of Relics | 1 | |
| Nerubian Tower | 1 | |
| Halls of the Dead | 1 | |
| Black Citadel | 1 | |
| Sacrificial Pit | 1 | |
| Boneyard | 3 | |
| Necropolis | 1 | |
24 total
» build order
00:11 Crypt
00:13 Altar of Darkness
00:17 Altar of Darkness
00:33 Ziggurat
01:09 Graveyard
01:37 Tomb of Relics
01:49 Ziggurat
02:13 Nerubian Tower
04:10 Halls of the Dead
04:43 Ziggurat
06:09 Ziggurat
06:43 Black Citadel
07:20 Sacrificial Pit
09:24 Boneyard
09:26 Boneyard
09:45 Boneyard
10:47 Ziggurat
10:55 Ziggurat
10:56 Ziggurat
10:57 Ziggurat
11:06 Ziggurat
14:29 Crypt
18:04 Ziggurat
28:41 Necropolis
» items
| Rod of Necromancy | 1 | |
| Scroll of Town Portal | 4 | |
| Orb of Corruption | 1 | |
| Potion of Healing | 1 | |
7 total
trynottosh1turB (
yellow | 66 APM | 8693 actions | 132:15)
10 Blood Mage
3 Flame Strike
3 Siphon Mana
1 Summon Phoenix
3 Banish
10 Pit Lord
3 Rain of Fire
3 Cleaving Attack
1 Doom
3 Howl of Terror
10 Archmage
3 Blizzard
3 Brilliance Aura
1 Mass Teleport
3 Summon Water Elemental
4 Lich
3 Dark Ritual
1 Frost Armor
3 Death Knight
3 Death Pact
2 Dreadlord
2 Carrion Swarm
» actions
| Assign group hotkey | 231 | |
| Basic commands | 356 | |
| Build / train | 732 | |
| Enter build submenu | 121 | |
| Enter hero's abilities submenu | 39 | |
| Give item / drop item | 10 | |
| Right click | 2653 | |
| Select / deselect | 1742 | |
| Select group hotkey | 1719 | |
| Use ability | 1090 | |
8693 total
» units
| Peasant | 44 | |
| Goblin Shredder | 22 | |
| Goblin Zeppelin | 20 | |
| Sorceress | 1 | |
| Goblin Sapper | 9 | |
| Flying Machine | 279 | |
| Frost Wyrm | 18 | |
| Acolyte | 16 | |
| Crypt Fiend | 1 | |
| Ghoul | 2 | |
| Knight | 1 | |
| Gryphon Rider | 6 | |
419 total
» upgrades
| Lumber Harvesting | 2 | |
| Masonry | 3 | |
| Magic Sentry | 1 | |
| Flak Cannons | 1 | |
| Sorceress Training | 2 | |
| Flying Machine Bombs | 1 | |
| Gunpowder | 3 | |
| Plating | 3 | |
| Ghoul Frenzy | 1 | |
| Backpack | 1 | |
| Storm Hammers | 1 | |
| Cloud | 1 | |
20 total
» buildings
| Farm | 16 | |
| Altar of Kings | 2 | |
| Scout Tower | 454 | |
| Lumber Mill | 3 | |
| Arcane Tower | 2 | |
| Arcane Vault | 4 | |
| Guard Tower | 156 | |
| Keep | 1 | |
| Town Hall | 5 | |
| Castle | 1 | |
| Blacksmith | 1 | |
| Arcane Sanctum | 1 | |
| Workshop | 11 | |
| Ziggurat | 5 | |
| Necropolis | 2 | |
| Barracks | 1 | |
| Gryphon Aviary | 10 | |
675 total
» build order
00:21 Farm
00:35 Altar of Kings
01:00 Farm
02:08 Scout Tower
02:14 Scout Tower
02:17 Scout Tower
02:24 Lumber Mill
02:42 Farm
02:46 Arcane Tower
02:46 Arcane Tower
02:55 Arcane Vault
03:00 Scout Tower
03:03 Scout Tower
03:05 Scout Tower
03:21 Scout Tower
03:23 Scout Tower
03:47 Guard Tower
04:11 Guard Tower
04:17 Scout Tower
04:20 Scout Tower
04:24 Scout Tower
04:27 Scout Tower
04:48 Guard Tower
04:52 Guard Tower
04:52 Guard Tower
04:53 Guard Tower
04:56 Guard Tower
05:09 Guard Tower
05:23 Scout Tower
06:00 Keep
06:02 Scout Tower
06:03 Scout Tower
06:04 Scout Tower
06:04 Scout Tower
06:19 Scout Tower
06:58 Guard Tower
07:11 Town Hall
07:17 Guard Tower
07:18 Guard Tower
07:19 Guard Tower
07:19 Guard Tower
07:22 Scout Tower
07:22 Scout Tower
07:22 Scout Tower
07:26 Scout Tower
07:27 Scout Tower
07:29 Scout Tower
07:34 Scout Tower
07:35 Scout Tower
07:35 Scout Tower
07:36 Scout Tower
07:56 Guard Tower
07:56 Guard Tower
07:57 Guard Tower
08:42 Farm
08:42 Farm
08:42 Farm
09:43 Guard Tower
09:46 Scout Tower
09:47 Scout Tower
09:47 Scout Tower
09:47 Scout Tower
09:49 Scout Tower
09:49 Scout Tower
09:49 Scout Tower
09:49 Scout Tower
09:51 Scout Tower
09:51 Scout Tower
09:53 Scout Tower
09:53 Scout Tower
09:54 Scout Tower
09:55 Scout Tower
09:56 Scout Tower
09:56 Scout Tower
09:59 Scout Tower
09:59 Scout Tower
09:59 Scout Tower
10:00 Scout Tower
10:22 Lumber Mill
10:29 Farm
10:31 Farm
12:03 Castle
12:44 Guard Tower
12:45 Guard Tower
13:29 Blacksmith
14:17 Arcane Sanctum
14:21 Guard Tower
15:09 Workshop
15:10 Workshop
15:11 Workshop
15:12 Workshop
15:19 Scout Tower
15:20 Scout Tower
15:20 Scout Tower
15:20 Scout Tower
15:21 Scout Tower
15:23 Scout Tower
15:23 Scout Tower
15:23 Scout Tower
15:24 Scout Tower
15:26 Altar of Kings
15:28 Scout Tower
15:28 Scout Tower
15:28 Scout Tower
15:30 Scout Tower
15:30 Scout Tower
15:31 Scout Tower
15:31 Scout Tower
15:33 Scout Tower
15:33 Scout Tower
15:34 Scout Tower
15:35 Scout Tower
15:39 Guard Tower
16:15 Guard Tower
16:54 Guard Tower
18:29 Scout Tower
18:31 Scout Tower
18:32 Scout Tower
18:33 Scout Tower
18:37 Scout Tower
18:37 Scout Tower
18:38 Scout Tower
18:38 Scout Tower
18:39 Scout Tower
18:39 Scout Tower
18:40 Scout Tower
18:41 Scout Tower
18:41 Scout Tower
18:42 Scout Tower
18:42 Scout Tower
18:43 Scout Tower
18:43 Scout Tower
18:44 Scout Tower
18:45 Scout Tower
19:19 Guard Tower
19:24 Guard Tower
19:24 Guard Tower
19:33 Arcane Vault
19:33 Arcane Vault
19:34 Arcane Vault
19:36 Guard Tower
20:31 Guard Tower
20:31 Guard Tower
20:31 Guard Tower
20:32 Guard Tower
20:35 Guard Tower
20:35 Guard Tower
21:30 Guard Tower
21:30 Guard Tower
21:30 Guard Tower
22:08 Scout Tower
22:11 Scout Tower
22:12 Scout Tower
22:12 Scout Tower
22:13 Scout Tower
22:13 Scout Tower
22:13 Scout Tower
22:13 Scout Tower
22:15 Scout Tower
22:15 Scout Tower
22:15 Scout Tower
22:16 Scout Tower
22:18 Scout Tower
22:18 Scout Tower
22:19 Scout Tower
22:19 Scout Tower
22:19 Scout Tower
22:19 Scout Tower
22:20 Scout Tower
22:20 Scout Tower
22:22 Scout Tower
22:22 Scout Tower
22:23 Scout Tower
22:25 Scout Tower
22:25 Scout Tower
22:25 Scout Tower
22:26 Scout Tower
22:26 Scout Tower
22:27 Scout Tower
22:27 Scout Tower
22:29 Scout Tower
22:31 Scout Tower
22:31 Scout Tower
22:31 Scout Tower
22:53 Guard Tower
23:04 Scout Tower
23:04 Scout Tower
23:05 Scout Tower
23:05 Scout Tower
23:06 Scout Tower
23:08 Scout Tower
23:09 Scout Tower
23:09 Scout Tower
23:09 Scout Tower
23:10 Scout Tower
23:10 Scout Tower
23:10 Scout Tower
23:11 Scout Tower
23:12 Scout Tower
23:13 Scout Tower
23:13 Scout Tower
23:14 Scout Tower
23:14 Scout Tower
23:47 Scout Tower
23:47 Scout Tower
23:47 Scout Tower
23:48 Scout Tower
23:49 Scout Tower
23:49 Scout Tower
23:49 Scout Tower
23:50 Scout Tower
23:50 Scout Tower
23:50 Scout Tower
23:51 Scout Tower
23:51 Scout Tower
23:51 Scout Tower
23:52 Scout Tower
23:53 Scout Tower
23:53 Scout Tower
23:54 Scout Tower
23:54 Scout Tower
23:55 Scout Tower
23:56 Scout Tower
23:57 Scout Tower
23:57 Scout Tower
23:57 Scout Tower
23:58 Scout Tower
23:59 Scout Tower
24:01 Scout Tower
24:02 Scout Tower
24:02 Scout Tower
24:02 Scout Tower
24:03 Scout Tower
24:04 Scout Tower
24:04 Scout Tower
24:04 Scout Tower
24:06 Scout Tower
24:06 Scout Tower
24:07 Scout Tower
24:08 Scout Tower
24:10 Scout Tower
24:10 Scout Tower
24:11 Scout Tower
24:12 Scout Tower
24:13 Scout Tower
24:13 Scout Tower
24:15 Scout Tower
24:15 Scout Tower
24:15 Scout Tower
24:56 Guard Tower
24:56 Guard Tower
24:58 Guard Tower
24:59 Guard Tower
24:59 Guard Tower
25:02 Guard Tower
25:02 Guard Tower
25:02 Guard Tower
25:11 Guard Tower
25:11 Guard Tower
25:11 Guard Tower
25:31 Guard Tower
25:31 Guard Tower
25:33 Guard Tower
25:33 Guard Tower
26:37 Guard Tower
26:57 Guard Tower
26:59 Guard Tower
26:59 Guard Tower
27:00 Guard Tower
27:49 Scout Tower
27:50 Scout Tower
27:51 Scout Tower
27:52 Scout Tower
27:53 Scout Tower
27:53 Scout Tower
27:54 Scout Tower
27:55 Scout Tower
27:58 Scout Tower
27:59 Scout Tower
28:23 Guard Tower
28:44 Guard Tower
28:51 Scout Tower
28:52 Scout Tower
28:53 Scout Tower
28:54 Scout Tower
28:59 Guard Tower
29:01 Scout Tower
29:03 Scout Tower
29:04 Scout Tower
29:04 Scout Tower
29:06 Scout Tower
29:07 Scout Tower
29:07 Scout Tower
29:08 Scout Tower
29:09 Scout Tower
29:09 Scout Tower
29:11 Scout Tower
29:15 Scout Tower
29:49 Guard Tower
29:51 Guard Tower
29:51 Guard Tower
29:51 Guard Tower
29:53 Guard Tower
29:54 Guard Tower
29:54 Guard Tower
29:57 Guard Tower
30:04 Guard Tower
30:10 Guard Tower
30:11 Guard Tower
30:11 Guard Tower
30:12 Guard Tower
30:12 Guard Tower
30:12 Guard Tower
30:13 Guard Tower
30:14 Guard Tower
30:24 Guard Tower
31:05 Guard Tower
31:05 Guard Tower
31:05 Guard Tower
31:07 Guard Tower
31:26 Guard Tower
34:17 Town Hall
37:09 Scout Tower
37:10 Scout Tower
37:10 Scout Tower
37:10 Scout Tower
37:53 Guard Tower
37:58 Scout Tower
37:58 Scout Tower
37:59 Scout Tower
37:59 Scout Tower
37:59 Scout Tower
38:00 Scout Tower
38:00 Scout Tower
38:42 Guard Tower
38:42 Guard Tower
38:52 Scout Tower
38:53 Scout Tower
38:53 Scout Tower
38:54 Scout Tower
39:00 Guard Tower
40:25 Guard Tower
40:36 Guard Tower
41:03 Guard Tower
41:06 Guard Tower
41:06 Guard Tower
41:55 Guard Tower
42:40 Guard Tower
43:02 Guard Tower
44:08 Scout Tower
44:08 Scout Tower
44:09 Scout Tower
44:09 Scout Tower
44:09 Scout Tower
44:10 Scout Tower
44:10 Scout Tower
44:11 Scout Tower
44:11 Scout Tower
44:12 Scout Tower
44:12 Scout Tower
44:12 Scout Tower
44:13 Scout Tower
44:13 Scout Tower
44:14 Scout Tower
44:14 Scout Tower
44:14 Scout Tower
44:15 Scout Tower
44:15 Scout Tower
44:15 Scout Tower
44:30 Guard Tower
44:33 Guard Tower
44:43 Guard Tower
44:45 Scout Tower
44:45 Scout Tower
44:45 Scout Tower
44:46 Scout Tower
44:47 Scout Tower
44:47 Scout Tower
44:47 Scout Tower
44:48 Scout Tower
44:49 Scout Tower
44:49 Scout Tower
44:49 Scout Tower
44:55 Guard Tower
44:57 Scout Tower
44:58 Scout Tower
44:58 Scout Tower
44:59 Scout Tower
44:59 Scout Tower
44:59 Scout Tower
45:02 Scout Tower
45:02 Scout Tower
45:02 Scout Tower
45:04 Guard Tower
46:17 Guard Tower
46:19 Guard Tower
46:24 Scout Tower
46:24 Scout Tower
46:25 Scout Tower
46:25 Scout Tower
46:25 Scout Tower
46:25 Scout Tower
46:26 Scout Tower
46:27 Scout Tower
46:27 Scout Tower
46:27 Scout Tower
46:28 Scout Tower
46:28 Scout Tower
46:29 Scout Tower
46:29 Scout Tower
46:29 Scout Tower
46:30 Scout Tower
46:30 Scout Tower
46:31 Scout Tower
46:31 Scout Tower
46:32 Scout Tower
46:32 Scout Tower
46:32 Scout Tower
46:33 Scout Tower
46:33 Scout Tower
46:34 Scout Tower
46:35 Scout Tower
46:37 Scout Tower
46:37 Scout Tower
46:37 Scout Tower
46:37 Scout Tower
46:38 Scout Tower
46:38 Scout Tower
46:38 Scout Tower
46:39 Scout Tower
46:39 Scout Tower
46:40 Scout Tower
46:41 Scout Tower
46:41 Scout Tower
46:42 Scout Tower
46:43 Scout Tower
46:43 Scout Tower
46:44 Scout Tower
46:44 Scout Tower
46:44 Scout Tower
46:44 Scout Tower
46:49 Guard Tower
47:43 Guard Tower
48:51 Guard Tower
48:52 Guard Tower
48:52 Guard Tower
48:53 Guard Tower
48:53 Guard Tower
48:54 Guard Tower
48:54 Guard Tower
48:54 Guard Tower
48:55 Guard Tower
48:55 Guard Tower
48:56 Guard Tower
49:00 Guard Tower
49:11 Scout Tower
49:12 Scout Tower
49:12 Scout Tower
49:12 Scout Tower
49:12 Scout Tower
49:13 Scout Tower
49:13 Scout Tower
49:14 Scout Tower
49:14 Scout Tower
49:14 Scout Tower
49:15 Scout Tower
49:20 Guard Tower
49:25 Scout Tower
49:26 Scout Tower
49:26 Scout Tower
49:27 Scout Tower
49:28 Scout Tower
49:28 Scout Tower
49:28 Scout Tower
49:28 Scout Tower
49:29 Scout Tower
49:53 Guard Tower
49:56 Guard Tower
49:58 Scout Tower
49:59 Scout Tower
49:59 Scout Tower
49:59 Scout Tower
49:59 Scout Tower
50:01 Scout Tower
50:12 Guard Tower
50:23 Guard Tower
50:39 Guard Tower
51:01 Guard Tower
52:06 Guard Tower
52:10 Scout Tower
52:11 Scout Tower
52:12 Scout Tower
52:12 Scout Tower
52:13 Scout Tower
52:14 Scout Tower
52:15 Scout Tower
52:16 Scout Tower
52:16 Scout Tower
52:17 Scout Tower
52:18 Scout Tower
52:18 Scout Tower
52:20 Scout Tower
52:21 Scout Tower
52:21 Scout Tower
52:22 Scout Tower
52:23 Scout Tower
52:24 Scout Tower
52:44 Farm
52:44 Farm
52:45 Farm
52:46 Farm
53:22 Guard Tower
53:27 Guard Tower
54:44 Guard Tower
60:34 Scout Tower
60:34 Scout Tower
60:35 Scout Tower
60:35 Scout Tower
60:36 Scout Tower
60:37 Scout Tower
60:37 Scout Tower
60:37 Scout Tower
60:38 Scout Tower
60:39 Scout Tower
60:39 Scout Tower
60:39 Scout Tower
61:13 Guard Tower
61:16 Guard Tower
61:16 Guard Tower
61:35 Farm
61:36 Farm
61:38 Farm
61:38 Farm
61:49 Guard Tower
65:34 Lumber Mill
76:48 Town Hall
79:16 Ziggurat
79:17 Ziggurat
79:17 Ziggurat
79:18 Necropolis
79:19 Necropolis
79:20 Ziggurat
79:20 Ziggurat
80:21 Barracks
98:46 Gryphon Aviary
98:47 Gryphon Aviary
98:47 Gryphon Aviary
98:47 Gryphon Aviary
98:48 Gryphon Aviary
98:48 Gryphon Aviary
98:49 Gryphon Aviary
98:49 Gryphon Aviary
98:50 Gryphon Aviary
98:50 Gryphon Aviary
101:40 Town Hall
101:44 Town Hall
108:30 Scout Tower
108:30 Scout Tower
108:31 Scout Tower
108:32 Scout Tower
108:33 Scout Tower
108:34 Scout Tower
108:35 Scout Tower
108:36 Scout Tower
108:37 Scout Tower
109:39 Guard Tower
109:52 Scout Tower
109:53 Scout Tower
109:54 Scout Tower
109:55 Scout Tower
109:56 Scout Tower
109:57 Scout Tower
109:58 Scout Tower
110:00 Scout Tower
110:00 Scout Tower
110:01 Scout Tower
110:02 Scout Tower
110:02 Scout Tower
110:03 Scout Tower
110:06 Scout Tower
110:07 Scout Tower
110:09 Scout Tower
110:10 Scout Tower
110:11 Scout Tower
110:12 Scout Tower
110:14 Scout Tower
110:15 Scout Tower
110:16 Scout Tower
110:16 Scout Tower
110:18 Scout Tower
110:19 Scout Tower
110:19 Scout Tower
110:21 Scout Tower
110:21 Scout Tower
110:22 Scout Tower
110:23 Scout Tower
110:25 Scout Tower
110:26 Scout Tower
110:26 Scout Tower
110:27 Scout Tower
110:28 Scout Tower
111:17 Guard Tower
124:01 Workshop
125:24 Workshop
125:28 Workshop
127:10 Workshop
127:12 Workshop
128:28 Workshop
128:29 Workshop
» items
| Rod of Necromancy | 4 | |
| Scroll of Regeneration | 6 | |
| Lesser Clarity Potion | 8 | |
| Inferno Stone | 3 | |
| Potion of Restoration | 1 | |
| Belt of Giant Strength +6 | 2 | |
| Orb of Corruption | 4 | |
| Staff of Sanctuary | 4 | |
| Scroll of Town Portal | 11 | |
| Potion of Mana | 4 | |
| Ivory Tower | 20 | |
| Scroll of Healing | 1 | |
| Potion of Healing | 2 | |
| Scroll of Speed | 1 | |
| Orb of Lightning | 3 | |
| Robe of the Magi +6 | 1 | |
| Sobi Mask | 6 | |
| Potion of Divinity | 1 | |
| Boots of Quel'Thalas +6 | 2 | |
84 total
sundalo1 (
orange | 30 APM | 3431 actions | 113:08)
8 Shadow Hunter
3 Serpent Ward
3 Healing Wave
1 Big Bad Voodoo
1 Hex
» actions
| Assign group hotkey | 42 | |
| Basic commands | 31 | |
| Build / train | 225 | |
| ESC pressed | 1 | |
| Enter build submenu | 121 | |
| Enter hero's abilities submenu | 8 | |
| Right click | 1794 | |
| Select / deselect | 809 | |
| Select group hotkey | 180 | |
| Use ability | 220 | |
3431 total
» units
| Peon | 75 | |
| Grunt | 10 | |
| Goblin Zeppelin | 2 | |
| Shaman | 27 | |
| Tauren | 5 | |
| Goblin Shredder | 1 | |
| Demolisher | 17 | |
| Wind Rider | 19 | |
| Raider | 15 | |
171 total
» upgrades
| Melee Weapons | 3 | |
| Armor | 3 | |
| Berserker Strength | 1 | |
| Shaman Training | 2 | |
| Reinforced Defenses | 1 | |
| Pulverize | 1 | |
| Spiked Barricades | 3 | |
| Ranged Weapons | 3 | |
| Burning Oil | 1 | |
| Envenomed Spears | 1 | |
| Ensnare | 1 | |
20 total
» buildings
| Altar of Storms | 1 | |
| Orc Burrow | 8 | |
| Barracks | 2 | |
| War Mill | 2 | |
| Stronghold | 3 | |
| Spirit Lodge | 2 | |
| Watch Tower | 88 | |
| Fortress | 2 | |
| Voodoo Lounge | 1 | |
| Great Hall | 4 | |
| Tauren Totem | 2 | |
| Beastiary | 2 | |
117 total
» build order
00:06 Altar of Storms
00:10 Orc Burrow
00:28 Barracks
01:35 Orc Burrow
02:39 War Mill
03:12 Orc Burrow
04:04 Stronghold
07:01 Spirit Lodge
07:04 Watch Tower
08:45 Orc Burrow
08:51 Fortress
09:04 Watch Tower
10:25 Voodoo Lounge
12:47 Great Hall
12:52 War Mill
13:16 Tauren Totem
14:28 Orc Burrow
15:01 Watch Tower
17:09 Tauren Totem
19:16 Watch Tower
19:27 Watch Tower
20:18 Watch Tower
22:33 Spirit Lodge
23:12 Watch Tower
24:28 Watch Tower
24:40 Watch Tower
25:10 Barracks
25:24 Watch Tower
27:00 Watch Tower
28:11 Watch Tower
28:40 Watch Tower
28:54 Watch Tower
29:00 Watch Tower
29:41 Stronghold
29:45 Orc Burrow
29:57 Watch Tower
31:37 Watch Tower
39:00 Watch Tower
40:39 Beastiary
40:42 Beastiary
40:51 Watch Tower
40:58 Watch Tower
44:27 Watch Tower
44:32 Fortress
46:57 Watch Tower
47:03 Watch Tower
47:10 Watch Tower
47:58 Watch Tower
49:23 Watch Tower
49:37 Watch Tower
50:05 Watch Tower
50:15 Orc Burrow
50:24 Watch Tower
50:33 Watch Tower
50:46 Watch Tower
50:59 Watch Tower
51:57 Watch Tower
51:59 Watch Tower
52:11 Watch Tower
52:29 Watch Tower
52:36 Watch Tower
52:51 Watch Tower
52:57 Watch Tower
53:07 Watch Tower
53:11 Watch Tower
53:42 Watch Tower
54:45 Watch Tower
54:49 Watch Tower
54:59 Watch Tower
55:03 Watch Tower
55:05 Watch Tower
55:08 Watch Tower
56:45 Great Hall
57:56 Watch Tower
58:32 Orc Burrow
59:30 Watch Tower
64:41 Watch Tower
64:44 Stronghold
69:19 Watch Tower
84:13 Great Hall
87:09 Watch Tower
88:15 Watch Tower
88:58 Watch Tower
89:07 Watch Tower
89:19 Watch Tower
90:02 Watch Tower
90:12 Watch Tower
90:16 Watch Tower
92:32 Great Hall
94:51 Watch Tower
95:12 Watch Tower
97:17 Watch Tower
98:13 Watch Tower
98:38 Watch Tower
98:41 Watch Tower
99:24 Watch Tower
100:13 Watch Tower
100:25 Watch Tower
100:29 Watch Tower
100:44 Watch Tower
101:09 Watch Tower
101:21 Watch Tower
101:34 Watch Tower
101:45 Watch Tower
101:59 Watch Tower
102:20 Watch Tower
102:30 Watch Tower
102:41 Watch Tower
102:54 Watch Tower
103:02 Watch Tower
103:29 Watch Tower
103:37 Watch Tower
103:47 Watch Tower
104:23 Watch Tower
104:32 Watch Tower
104:48 Watch Tower
104:58 Watch Tower
» items
| Scroll of Town Portal | 8 | |
| Potion of Mana | 3 | |
| Orb of Lightning | 1 | |
| Healing Salve | 4 | |
| Scroll of Speed | 3 | |
| Demonic Figurine | 1 | |
20 total
Chat log
(00:07 / 8) 13illy13razooks: lol
(00:28 / 9) trynottosh1turB: wat 2 do
(00:35 / 8) 13illy13razooks: first tower ur own 2base a ton
(00:37 / 8) 13illy13razooks: then expo and tower it
(00:40 / 8) 13illy13razooks: then twoer other allies later
(00:45 / 8) 13illy13razooks: if we tried to tower them right away things could sour
(00:45 / All) Merc(A)nary.RIP: hfgl
(01:12 / 9) trynottosh1turB: we are neighbors
(01:24 / 9) trynottosh1turB: do u want our corner or should i take it
(01:28 / 8) 13illy13razooks: hmm
(01:35 / 8) 13illy13razooks: lets take the uncontestect corners each first
(01:44 / 8) 13illy13razooks: no need to tank 600 wyrms
(01:48 / 8) 13illy13razooks: while our allies fight in the shade
(02:05 / 8) 13illy13razooks: i wonder what the next big movie
(02:06 / 8) 13illy13razooks: for gamers to quote
(02:07 / 8) 13illy13razooks: will be
(02:12 / 8) 13illy13razooks: i guess the bane batman
(07:51 / 9) trynottosh1turB: take omore than 1 expo?
(07:54 / 8) 13illy13razooks: if u can
(07:58 / 8) 13illy13razooks: i dont think i coudl get away with it
(08:01 / 8) 13illy13razooks: not top left anyway
(08:25 / 8) 13illy13razooks: wtf is thsi game
(08:29 / 8) 13illy13razooks: longest no scout truce ver
(09:38 / 9) trynottosh1turB: should i take a contested corner second expo
(09:39 / 9) trynottosh1turB: or just leave it
(09:48 / 8) 13illy13razooks: hmmm
(10:01 / 8) 13illy13razooks: top right is really dodgy
(10:08 / 8) 13illy13razooks: it nighbors both fo us
(10:44 / 8) 13illy13razooks: woops
(10:46 / 8) 13illy13razooks: forgot abotu those
(10:46 / 9) trynottosh1turB: were those yours
(11:00 / 8) 13illy13razooks: didnt mean to leav ehtem in ur turf
(11:29 / 9) trynottosh1turB: damn wood
(12:43 / 8) 13illy13razooks: start towering other base now?
(13:11 / 9) trynottosh1turB: should i make any unit makers?
(13:15 / 8) 13illy13razooks: sure why not
(13:21 / 9) trynottosh1turB: wood
(13:26 / 8) 13illy13razooks: get shredders
(13:41 / 9) trynottosh1turB: all sold out forever
(13:56 / 8) 13illy13razooks: buy any good items
(15:44 / 8) 13illy13razooks: lwets tower our allies main only
(15:46 / 8) 13illy13razooks: not their expo
(17:40 / 8) 13illy13razooks: feel free to harass contested turf expos
(21:24 / 8) 13illy13razooks: bottom mid needs more towers
(21:26 / 8) 13illy13razooks: and tell ur team to tp
(21:27 / 8) 13illy13razooks: wtf
(22:10 / 8) 13illy13razooks: here comes the slingshot
(23:24 / 8) 13illy13razooks: keep towering the core bases more heavily
(24:27 / 9) trynottosh1turB: this guy recognizes me
(24:31 / 9) trynottosh1turB: idk if he recognizes u
(24:35 / 8) 13illy13razooks: which
(24:40 / 9) trynottosh1turB: mercenary
(24:51 / 8) 13illy13razooks: hes been bazookad by the forum guys before
(24:53 / 9) trynottosh1turB: tghinkes im hacking to get into games wit u
(24:58 / 8) 13illy13razooks: LOL
(25:07 / 9) trynottosh1turB: dam i got no gold
(26:20 / 8) 13illy13razooks: sentry towers might have been a mistake
(26:29 / 8) 13illy13razooks: lol busted
(26:38 / 8) 13illy13razooks: this magno guy cares more abotu his expo than anything else
(30:05 / All) Merc(A)nary.RIP: wtf...
(30:45 / Allies) hasdfs: gold green
(30:47 / 8) 13illy13razooks: u should quickhall the mid i bet you coudl get 1000 out before u got cosocuted
(30:53 / 9) trynottosh1turB: pathing in this game is fucked since 1.6
(33:04 / 8) 13illy13razooks: ur bottom leftt expo
(33:56 / 8) 13illy13razooks: help ur allies bot left
(35:31 / 8) 13illy13razooks: ok thats enough for now
(36:28 / Allies) hasdfs: gold blue
(36:45 / 8) 13illy13razooks: the gold begging has begun
(36:56 / 8) 13illy13razooks: he has 28000 in his mine
(37:01 / 8) 13illy13razooks: and hes at 60 food
(38:50 / Allies) MAGNO: lumber
(38:51 / Allies) MAGNO: plz
(40:20 / 8) 13illy13razooks: hes gonna be the firs tone out
(41:15 / 8) 13illy13razooks: keep harassing contesteed expos
(41:33 / 9) trynottosh1turB: busy keeping bottom bases from dying
(42:20 / 8) 13illy13razooks: should we kill all the wood? lol
(42:29 / 8) 13illy13razooks: nah i think therse more wood than gold
(42:30 / 8) 13illy13razooks: foget it
(43:35 / 8) 13illy13razooks: shit tanks
(43:37 / 8) 13illy13razooks: better aoe that fast
(44:10 / Allies) MAGNO: lumber
(44:15 / Allies) MAGNO: plz
(44:46 / 8) 13illy13razooks: get mid expos when u can
(44:51 / 8) 13illy13razooks: kill them i mean
(45:13 / 9) trynottosh1turB: FUCK THIS 1.6 PATHIGN ITS LIKE AGE OF EMPIRES 1
(47:09 / 8) 13illy13razooks: this game is being really stingy with the hero items
(47:12 / 8) 13illy13razooks: no str items
(47:14 / 8) 13illy13razooks: or agi or w;/e
(47:18 / 8) 13illy13razooks: unless therye all being bought
(48:49 / 8) 13illy13razooks: damn
(49:07 / 8) 13illy13razooks: my queue hide is lagging me
(49:59 / 8) 13illy13razooks: what are u gonna do with leaver
(50:00 / 8) 13illy13razooks: if anything
(50:16 / 8) 13illy13razooks: our top left elf expo has never been touched
(50:55 / 9) trynottosh1turB: ALLIES 2 STUPI9D T2 MANAGE HIM
(50:58 / 9) trynottosh1turB: GOT MY OWN SHIT TO DO
(51:21 / Allies) ThatsRite: tower mid!!
(51:42 / Allies) hasdfs: lumber
(51:48 / 9) trynottosh1turB: THEY ARE GUARDING THOSE MID MINES
(51:54 / 9) trynottosh1turB: with a veangence
(52:01 / 8) 13illy13razooks: i guess ill stop harass
(53:16 / 8) 13illy13razooks: our ne ud are 97 adn 70 food
(53:18 / 8) 13illy13razooks: hu is 49
(53:52 / 8) 13illy13razooks: mid is clear
(54:08 / 8) 13illy13razooks: our elf... isnt mining...
(54:12 / 8) 13illy13razooks: lmao
(54:15 / 8) 13illy13razooks: he is in it for the long haul
(54:31 / 8) 13illy13razooks: u might have to go 100 food with leaver and use him as as trongarm
(54:39 / 8) 13illy13razooks: my allies are mowing towers hard right now
(55:22 / 8) 13illy13razooks: if u do use leaver, have him go fiendwyrm not just pure wyrm
(56:25 / 8) 13illy13razooks: tell your fuckign nooborc to mass bats
(56:34 / 8) 13illy13razooks: give him 500 gold or something pitiful like that to spur him on
(57:26 / 8) 13illy13razooks: kill top left e4xpo then go 50 food again?
(58:06 / All) hasdfs: fuck,take too long
(58:11 / All) hasdfs: needtogo
(60:34 / 8) 13illy13razooks: ud expo bot left istn full
(61:12 / 8) 13illy13razooks: wisp will see u towering bot left
(61:25 / 9) trynottosh1turB: nothing i can do
(62:54 / 9) trynottosh1turB: dunno wat to do to that guys gyros
(63:02 / 8) 13illy13razooks: blizz rain fo fire?
(63:13 / 9) trynottosh1turB: he laso has a super boltaster
(63:16 / 9) trynottosh1turB: and wyrms hugging him
(63:24 / 8) 13illy13razooks: fiends?
(63:26 / Allies) MAGNO: lumber
(63:28 / Allies) MAGNO: plz
(64:15 / 8) 13illy13razooks: im not gonna queue hide anymore
(64:20 / 8) 13illy13razooks: got 39k showing lol
(64:25 / Allies) MAGNO: towers blue
(64:37 / 9) trynottosh1turB: no more wood on the map
(64:43 / 8) 13illy13razooks: topr igth is wood rich
(64:53 / 8) 13illy13razooks: ur big item shop is wooded
(64:59 / 8) 13illy13razooks: i already have several wood expos
(65:34 / 8) 13illy13razooks: we are down to a normal game now
(65:38 / 8) 13illy13razooks: 12k mines
(65:45 / 8) 13illy13razooks: or 10.9 k if ur not a tard
(65:58 / 8) 13illy13razooks: go blast mid
(66:03 / 8) 13illy13razooks: mid and top right
(66:15 / 9) trynottosh1turB: dreams
(67:00 / 8) 13illy13razooks: i cant believe 6 are still here
(67:21 / 9) trynottosh1turB: out of wood
(67:23 / 9) trynottosh1turB: cant find my shredders
(67:54 / Allies) MAGNO: lumber
(67:55 / Allies) MAGNO: plz
(68:01 / 9) trynottosh1turB: help me find my shredders
(68:28 / 8) 13illy13razooks: bottom right
(68:30 / 8) 13illy13razooks: above bottom tav
(68:31 / Allies) MAGNO: plz
(68:32 / 8) 13illy13razooks: straight baove it
(68:40 / 8) 13illy13razooks: oh u have tha tone
(68:46 / 9) trynottosh1turB: i justb ought htat
(68:47 / 8) 13illy13razooks: get more
(68:50 / 8) 13illy13razooks: u area t 34 food
(68:52 / 8) 13illy13razooks: im at 50
(69:03 / Allies) MAGNO: lumber
(69:04 / Allies) MAGNO: blue
(69:15 / Allies) hasdfs: blue lumber
(70:52 / Allies) hasdfs: gold blue
(71:05 / 8) 13illy13razooks: the gold beggign has begun
(71:14 / 8) 13illy13razooks: should i try to queue 50k
(71:15 / 8) 13illy13razooks: or just ignore
(72:30 / 8) 13illy13razooks: lol did you see that
(72:36 / 8) 13illy13razooks: ur ally just astarfalled a shitload of stuff
(72:48 / 9) trynottosh1turB: n
(74:06 / Allies) ThatsRite: holy shit
(74:09 / Allies) MAGNO: red
(74:12 / Allies) MAGNO: units
(74:41 / 8) 13illy13razooks: bottom right mine is available for grabbing if u want it
(74:57 / Allies) hasdfs: goldblue
(75:13 / 8) 13illy13razooks: our ud never made a shop
(75:15 / Allies) MAGNO: lumber
(75:17 / Allies) MAGNO: plz
(77:01 / Allies) MAGNO: blue towers
(77:22 / 8) 13illy13razooks: the mid still has more untapped gold than entire normal map
(77:28 / 8) 13illy13razooks: or close to that much anyway
(77:36 / 9) trynottosh1turB: i have both bot right mines
(77:41 / 9) trynottosh1turB: barely below 80 and not that rich
(77:52 / 9) trynottosh1turB: ill put hte ud leaver on hte mid mines
(77:55 / 9) trynottosh1turB: hes over anyway
(79:07 / 9) trynottosh1turB: danger
(79:08 / 9) trynottosh1turB: runnign into me
(79:43 / 8) 13illy13razooks: what i really miss is light orbs
(79:49 / All) ThatsRite: mass hipps i guess
(79:56 / 8) 13illy13razooks: can u get a unit with backpack and drop 2 somehwere
(79:56 / 9) trynottosh1turB: wat
(80:01 / 8) 13illy13razooks: lightnign orbs
(80:08 / Allies) hasdfs: gold
(80:21 / Allies) MAGNO: meett
(80:24 / 9) trynottosh1turB: ill work on it
(80:25 / Allies) MAGNO: im tp
(80:31 / Allies) hasdfs: it's over
(80:38 / 9) trynottosh1turB: you have a lot of peons top right
(80:45 / 8) 13illy13razooks: unsummon the ud and take him out of the gmae
(80:49 / 8) 13illy13razooks: my team is winding down in morale
(81:05 / Allies) MAGNO: gold blue
(81:06 / Allies) MAGNO: plz
(84:13 / 8) 13illy13razooks: lmao our ud unsummoned
(84:15 / Allies) hasdfs: bye
(84:16 / 8) 13illy13razooks: ive been ignoring his beg
(84:22 / All) 13illy13razooks: 3v3
(84:53 / Allies) MAGNO: blue use your gold
(85:12 / Allies) ThatsRite: lumber
(86:31 / 9) trynottosh1turB: my allies look like computer (normal) when they move around
(86:48 / 8) 13illy13razooks: red has 2 food somewhere
(86:49 / 8) 13illy13razooks: cant find it
(86:49 / Allies) MAGNO: fuck blue gold
(86:54 / Allies) MAGNO: and lumber
(87:01 / 9) trynottosh1turB: light orb coming to your top center tower brick
(87:03 / 9) trynottosh1turB: right by your heros
(87:05 / 9) trynottosh1turB: drop and run
(87:12 / 8) 13illy13razooks: k
(87:19 / 9) trynottosh1turB: i guess i shoulda gotten u a speed scroll
(87:30 / 9) trynottosh1turB: my ally is putting towers in the middle of nowhere
(87:33 / 9) trynottosh1turB: commendable
(88:01 / Allies) MAGNO: fuck units blue
(88:08 / 9) trynottosh1turB: if i defend against your hu and ne they wont have anything
(88:08 / 8) 13illy13razooks: "fuck units blue"
(88:15 / Allies) MAGNO: 2vs 3
(88:17 / Allies) ThatsRite: blue.. give me some gold plz sir
(88:17 / 8) 13illy13razooks: shoudl ig otld them
(88:37 / 8) 13illy13razooks: gave them 1k each
(88:56 / 9) trynottosh1turB: should i hit htat bot left ne expo
(89:07 / 8) 13illy13razooks: nah
(89:21 / 9) trynottosh1turB: im afraid my allies are going to start controling the ud
(89:29 / 8) 13illy13razooks: let htem
(89:30 / 9) trynottosh1turB: but i like the ud heros a lot
(89:32 / 8) 13illy13razooks: theyll get it killed
(89:33 / 8) 13illy13razooks: oh
(89:34 / 9) trynottosh1turB: especially the lich and vamp
(89:37 / 9) trynottosh1turB: especially the vamp
(89:44 / 9) trynottosh1turB: level 10 carrion master
(90:40 / 9) trynottosh1turB: should i counter that mess
(90:42 / 8) 13illy13razooks: oh its a ghoul
(90:44 / 8) 13illy13razooks: reds last food is a ghoul
(91:13 / 8) 13illy13razooks: feel free to smash my allies
(92:51 / 9) trynottosh1turB: shat upon
(93:46 / Allies) MAGNO: fuck blue bay
(93:58 / 9) trynottosh1turB: that paladin is unkillable
(94:05 / 9) trynottosh1turB: im going to give up on it now
(94:07 / 9) trynottosh1turB: and save myself a headache
(94:18 / Allies) MAGNO: game over
(94:37 / Allies) MAGNO: ????
(94:40 / 9) trynottosh1turB: lol that coner
(94:47 / Allies) ThatsRite: hes an artist!! :-)
(95:16 / 8) 13illy13razooks: look bottom left
(95:17 / 8) 13illy13razooks: lmao
(95:22 / 8) 13illy13razooks: bot left expo
(95:24 / 8) 13illy13razooks: im goign to allow this
(95:30 / Allies) ThatsRite: make some siege
(95:32 / Allies) ThatsRite: alot
(95:39 / Allies) 13illy13razooks: im already at 80 food
(96:39 / Allies) ThatsRite: kill some of your workers
(97:27 / 8) 13illy13razooks: get those wyrms killed
(97:32 / 9) trynottosh1turB: y
(97:39 / 8) 13illy13razooks: idk nvm
(97:46 / 9) trynottosh1turB: i will if he starts touching htem
(98:02 / 9) trynottosh1turB: i want that paladin dead
(98:08 / 9) trynottosh1turB: i could chain infernal him and he couldnt invul
(98:17 / 9) trynottosh1turB: but hed have to leave his COWARD DEN
(98:18 / 8) 13illy13razooks: i could mass tp freeze him very briefly
(98:47 / Allies) 13illy13razooks: mid is open for expos
(99:06 / 9) trynottosh1turB: lighht orb again
(99:08 / 9) trynottosh1turB: where uwant it
(99:15 / 8) 13illy13razooks: just send the unit at my heros
(99:17 / 8) 13illy13razooks: ill kill it
(99:27 / 8) 13illy13razooks: drop it there
(99:28 / 8) 13illy13razooks: im right by it
(100:47 / 8) 13illy13razooks: how di dhe do that
(100:52 / 8) 13illy13razooks: he tped twice
(100:53 / 9) trynottosh1turB: do wat
(101:01 / Allies) MAGNO: gold
(101:07 / 8) 13illy13razooks: oh it moved out of range
(101:11 / 8) 13illy13razooks: he did the invul tp trick by mistake
(101:26 / 8) 13illy13razooks: should oen of us doubel expo mid
(101:27 / 8) 13illy13razooks: and tower it
(101:28 / 8) 13illy13razooks: or hwat
(101:40 / Allies) MAGNO: blue
(101:43 / Allies) MAGNO: gold
(101:51 / Allies) ThatsRite: 80k blue!!! lmao!!
(102:03 / Allies) MAGNO: gold
(102:05 / 8) 13illy13razooks: lets just exterminate our allies now
(102:05 / Allies) MAGNO: blue
(102:08 / 8) 13illy13razooks: it would be quick and eays
(102:12 / 9) trynottosh1turB: fucking coward paladin
(102:15 / 8) 13illy13razooks: its already almost 3 am
(102:23 / 8) 13illy13razooks: go klll bottom left first
(103:55 / All) 13illy13razooks: execute order 66
(104:33 / All) akyatbahay: is your spirit broken?
(104:34 / 8) 13illy13razooks: how does ur elf always have godl for a new tp
(104:41 / All) 13illy13razooks: far from it
(104:45 / All) 13illy13razooks: die jedi scum
(107:57 / 9) trynottosh1turB: did u ever get that second orb
(107:58 / 9) trynottosh1turB: i lost htek night
(108:00 / 8) 13illy13razooks: ya
(109:00 / 9) trynottosh1turB: aint no damn wood no more on the map
(109:05 / All) 13illy13razooks: i ahve 43k
(109:54 / All) 13illy13razooks: i could afford 360 zepps
(109:59 / All) 13illy13razooks: not gonna do it
(110:16 / All) 13illy13razooks: my side is now racially pure
(110:25 / All) 13illy13razooks: only the blue master race remains
(110:32 / All) 13illy13razooks: soon it will be time for the blue and gold banquet
(111:25 / All) 13illy13razooks: wow youre poor
(111:29 / 9) trynottosh1turB: im gonna mass tp mid and we move each other
(111:38 / All) 13illy13razooks: k
(111:43 / All) 13illy13razooks: lets do it now befor the last ones leave
(111:52 / 9) trynottosh1turB: gotta kill this abberation first
(111:56 / All) 13illy13razooks: let the banquet begin!
(111:58 / All) akyatbahay: hurry i want to obs
(112:16 / 9) trynottosh1turB: what do blue and gold stand ofr again
(112:19 / 9) trynottosh1turB: its like loyalty and something else
(112:21 / All) 13illy13razooks: idk
(112:25 / All) 13illy13razooks: fuyck off shredder
(113:10 / All) 13illy13razooks: LOL
(113:19 / 9) trynottosh1turB: i tried to look it up and it said blue is truth and gold is the sky above or something
(113:21 / 9) trynottosh1turB: that seems wrong
(113:22 / 9) trynottosh1turB: but w/e
(113:33 / All) 13illy13razooks: blue and gold were san jeronimos colors
(113:52 / 9) trynottosh1turB: that was a coincidence
(113:55 / All) 13illy13razooks: a pitiful attempt
(113:58 / 9) trynottosh1turB: with respect to scubby scoots colors
(114:07 / 9) trynottosh1turB: lol
(114:13 / 9) trynottosh1turB: i gave a bunch of shift orders and left it
(114:22 / All) 13illy13razooks: your team had the first loser
(114:27 / All) 13illy13razooks: old mercencary rip
(114:28 / 9) trynottosh1turB: i still have an ally
(114:32 / All) 13illy13razooks: yea
(114:36 / All) 13illy13razooks: should we give him the win
(114:38 / All) 13illy13razooks: id say he earned it
(114:50 / All) trynottosh1turB: i think he was the elf
(114:57 / All) 13illy13razooks: you coudl leave now and let him duke it out with me, 80k vs 20k
(115:02 / All) 13illy13razooks: (not really)
(115:07 / All) trynottosh1turB: lol
(115:27 / All) 13illy13razooks: let hte birds kill it all
(115:56 / All) 13illy13razooks: BETRAYAL
(115:57 / All) trynottosh1turB: i never get to hear the doom ultimate sound
(115:59 / All) 13illy13razooks: THERE CAN BE ONLY ONE
(116:32 / All) trynottosh1turB: whoopsy doodle
(116:49 / All) trynottosh1turB: if you open the warcraft sound files
(116:53 / All) trynottosh1turB: there is a sound for when you cast doom
(116:56 / All) trynottosh1turB: but ive never heard it in game
(116:58 / All) 13illy13razooks: I DONT EVEN Kow how to do that caps
(117:48 / All) trynottosh1turB: i like your bricks of towers
(117:49 / All) trynottosh1turB: very solid
(118:00 / All) 13illy13razooks: master of cubing
(118:05 / All) trynottosh1turB: send me a unit to doom
(118:19 / All) 13illy13razooks: sending a mortar team to mid
(118:26 / All) 13illy13razooks: atually do it ther
(118:28 / All) 13illy13razooks: so i can hear too
(119:04 / All) 13illy13razooks: silence it he peanut gallery
(119:16 / All) trynottosh1turB: it didnt play
(119:18 / All) trynottosh1turB: it went foof
(119:20 / All) 13illy13razooks: didnt ehar chit
(119:22 / All) trynottosh1turB: very gently
(119:25 / All) trynottosh1turB: so i guess that sound
(119:28 / All) trynottosh1turB: never made it into the game
(119:37 / All) akyatbahay: i heard it
(119:41 / All) 13illy13razooks: lol stfu nigger
(119:50 / All) akyatbahay: you bet
(119:54 / All) trynottosh1turB: time for a big polished boot
(120:03 / All) 13illy13razooks: tabbing out and getting the polish
(120:13 / All) 13illy13razooks: my plish is in my right hand
(120:15 / All) 13illy13razooks: my rag is in my left
(120:16 / All) 13illy13razooks: im ready
(120:22 / All) trynottosh1turB: i got the boots right here
(120:34 / All) trynottosh1turB: lol
(120:37 / All) 13illy13razooks: lol
(121:04 / All) trynottosh1turB: can i doom my own doom guard
(121:10 / All) 13illy13razooks: no that would be rigged
(121:15 / All) trynottosh1turB: resistant skin
(121:21 / All) trynottosh1turB: but the time limit allowed it
(121:22 / All) 13illy13razooks: u cant doom summongs i dont think
(121:44 / All) trynottosh1turB: cant doom machines
(122:11 / All) trynottosh1turB: send me a new unit
(122:46 / All) trynottosh1turB: >:(
(122:54 / All) trynottosh1turB: i heard they came from behind and OUR FORCES ARE UNDER ATTACK
(122:56 / All) trynottosh1turB: forget it
(123:10 / All) trynottosh1turB: it was all quiet right until i hit hteb utton too
(123:56 / All) 13illy13razooks: im gonna doom something mid
(124:26 / All) trynottosh1turB: i heard nothing
(124:32 / All) 13illy13razooks: i only hear the sound of hte thign spawning
(124:36 / All) 13illy13razooks: what is doom suppose dto soudn liek
(124:43 / All) trynottosh1turB: i hear a gentle foof and then the spawn
(124:47 / All) trynottosh1turB: the sound file is labelled doom
(124:51 / All) trynottosh1turB: and its under the pit lord sounds
(125:01 / All) trynottosh1turB: and it sounds like in a scary movie when the murderer is about to murder someone
(125:03 / All) trynottosh1turB: or something
(125:12 / All) trynottosh1turB: low pitched guitar strum or something
(125:35 / All) 13illy13razooks: those horror sounds are made by an instrument called a water well or soemthign like that
(126:42 / All) 13illy13razooks: waterphone
(126:44 / All) 13illy13razooks: is what its called
(127:15 / All) 13illy13razooks: this is like missile wars
(127:20 / All) 13illy13razooks: only the missiles need a buff big time
(127:56 / All) trynottosh1turB: that guy whispered me
(128:01 / All) 13illy13razooks: lol
(128:03 / All) trynottosh1turB: the one we booted
(128:06 / All) 13illy13razooks: waht did he say
(128:15 / All) trynottosh1turB: he keeps saying "you are awesome" in whisper spam
(128:20 / All) 13illy13razooks: lol
(128:33 / All) trynottosh1turB: this is a really big ego boost
(128:43 / All) trynottosh1turB: hes told me im awesome like 100 times now
(129:02 / All) trynottosh1turB: i think hes mad
(129:09 / All) trynottosh1turB: now hes spamming something about disconnect hax
(129:42 / All) 13illy13razooks: this is the last time i do this for a long time
(129:48 / All) 13illy13razooks: this fuking map...
(129:49 / All) trynottosh1turB: how many factories do you even have
(129:52 / All) 13illy13razooks: 30
(130:12 / All) trynottosh1turB: is "you are awesome" an insult in his culture or something?
(130:30 / All) trynottosh1turB: im already down to 6k
(130:43 / All) trynottosh1turB: o ur broke
(130:46 / All) trynottosh1turB: how did you manage that
(130:58 / All) trynottosh1turB: im out of wood
(131:01 / All) 13illy13razooks: akyat bahay is some kind of philipino gang
(131:03 / All) 13illy13razooks: i googled it
(131:08 / All) trynottosh1turB: there is literally more gold on this map than wood
(131:10 / All) trynottosh1turB: point for point
(131:14 / All) 13illy13razooks: i have 12000 wood
(131:20 / All) 13illy13razooks: but yeah
(131:22 / All) 13illy13razooks: u need an elf
(131:24 / All) 13illy13razooks: to get enough wood
(131:45 / All) 13illy13razooks: alright unless theres somethign else u wrealyl wanna see im gonna leave
(131:49 / All) 13illy13razooks: this has gone on long enouch
(132:11 / All) trynottosh1turB: ya this is dumb
(132:15 / All) trynottosh1turB: huge custom game